 Dungeon Crawl Stone Soup version 0.13-a0-3016-gcb2faac (webtiles) character file.

849 PolkaDot the Ruinous (level 7, -11/44 HPs)
             Began as a Vampire Wizard on Sept 13, 2013.
             Was an Initiate of Vehumet.
             Mangled by oinker's ghost (20 damage)
             ... on Level 5 of the Dungeon.
             The game lasted 00:25:54 (4136 turns).

PolkaDot the Ruinous (Vampire Wizard)               Turns: 4136, Time: 00:25:54

HP -11/44        AC  4     Str  6      XL: 7   Next: 17%
MP  14/17        EV 12     Int 22      God: Vehumet [......]
Gold 253         SH  0     Dex 12      Spells:  3 memorised,  5 levels left

Res.Fire  : . . .   See Invis. : +   y - +1,+4 elf long sword
Res.Cold  : . . .   Warding    : .   a - +0 robe
Life Prot.: . . .   Conserve   : .   (no shield)
Res.Poison: .       Res.Corr.  : +   b - +0 wizard hat
Res.Elec. : .       Clarity    : .   m - +1 dwarf cloak
Sust.Abil.: . .     Spirit.Shd : .   (no gloves)
Res.Mut.  : .       Stasis     : .   (no boots)
Res.Rott. : .       Flight     : .   t - amulet of resist corrosion
Saprovore : . . .                    (no ring)
                                     (no ring)

@: regenerating quickly, slightly resistant to hostile enchantments, stealthy
A: bottle blood, fangs 3, see invisible, unbreathing
a: Bottle Blood, Renounce Religion


You were on level 5 of the Dungeon.
You worshipped Vehumet.
Vehumet was noncommittal.
You were very full.

You visited 2 branches of the dungeon, and saw 6 of its levels.

You collected 233 gold pieces.

Inventory:

Hand weapons
 g - a +0,+0 dagger (quivered)
 y - a +1,+4 elven long sword (weapon)
Armour
 a - a +0 robe (worn)
 b - a +0 wizard hat (worn)
 m - a +1 dwarven cloak (worn)
Magical devices
 z - a wand of slowing (17)
Scrolls
 h - 2 scrolls of recharging
 i - a scroll of teleportation
 k - 3 scrolls of remove curse
 r - a scroll of amnesia
Jewellery
 l - an uncursed amulet of rage
 t - an amulet of resist corrosion (around neck)
Potions
 d - 2 potions of restore abilities
 e - a potion of curing
 j - a potion of brilliance
 n - a potion of magic
 o - a potion of blood
 s - 2 potions of invisibility
 v - 2 potions of flight
 w - a potion of speed
Books
 c - a book of Minor Magic

   Spells                             Type                      Level
   *Magic Dart                        Conjuration                  1
   Blink                              Translocation                2
   Call Imp                           Summoning                    2
   Repel Missiles                     Charms/Air                   2
   Slow                               Hexes                        2
   *Conjure Flame                     Conjuration/Fire             3
   *Mephitic Cloud                    Conjuration/Poison/Air       3


   Skills:
 + Level 0.1 Fighting
 - Level 2.0 Long Blades
 - Level 2.1 Dodging
 - Level 3.0 Stealth
 - Level 3.3 Spellcasting
 - Level 5.0 Conjurations
   Level 1.0 Summonings
   Level 0.7 Translocations
 * Level 2.1 Air Magic


You had 5 spell levels left.
You knew the following spells:

 Your Spells              Type           Power        Failure   Level  Hunger
a - Magic Dart            Conj           ####         1%          1    None
d - Mephitic Cloud        Conj/Pois/Air  ##......     14%         3    ###....
s - Conjure Flame         Conj/Fire      ##......     14%         3    ###....


Dungeon Overview and Level Annotations

Branches:
Dungeon (5/27)             Temple (1/1) D:4

Altars:
Ashenzari
Elyvilon
Fedhas
Kikubaaqudgha
Nemelex Xobeh
Okawaru
Sif Muna
Trog
Vehumet
Xom
Yredelemnul
the Shining One

Shops:
D:5 }

Annotations:
D:2 exclusion: oklob plant
D:5 Pikel; oinker's ghost, experienced MfSk


Innate Abilities, Weirdness & Mutations

Your natural rate of healing is unusually fast.
You can bottle blood from corpses.
You have razor-sharp teeth.*
You have supernaturally acute eyesight.
You can survive without breathing.*


Message History

Confirm with . or Enter, or press ? or * to list all spells.
Okay, then.
Okay, then.
Casting: Mephitic Cloud
Confirm with . or Enter, or press ? or * to list all spells.
Aiming: Conjure Flame
Press: ? - help, Dir - move target cursor The fire roars!
Oinker's ghost hits you.
Really walk into that cloud of flame?
You are engulfed in roaring flames.
Your scroll of identify catches fire!
You barely miss oinker's ghost.
Oinker's ghost is engulfed in roaring flames.
Oinker's ghost whispers, "They're coming for you..."
Oinker's ghost hits you!
* * * LOW HITPOINT WARNING * * *
Drink which item? (? for menu, Esc to quit)
You feel better.
Oinker's ghost is engulfed in roaring flames.
Oinker's ghost hits you!
You die...

#.#.###.# .....
#@...h #.......#
...... ....r.
#.......#####.∩....
#.@...
#......<...........
...
#......#.%..........
#......%............
#####.#!............
...#.######.....
#####..p@........
#.....########....
....... # ##.#... ..
##.. #.. #.h #.p .


You could see oinker's ghost.

Vanquished Creatures
  Eustachio (D:5)
  A slave (D:4)
  A goliath beetle (D:4)
  2 big fish (D:2)
  2 hounds
  A giant frog skeleton (D:4)
  3 worker ants (D:4)
  13 adders
  2 worms
  An adder skeleton (D:4)
  3 oozes
  4 orcs (D:4)
  A bat skeleton (D:5)
  3 giant cockroaches
  7 goblins
  4 hobgoblins
  8 jackals
  8 kobolds
  A quokka (D:5)
  6 bats
  3 giant geckos
  2 giant newts
  A quokka skeleton (D:4)
  5 rats (D:2)
  2 rat skeletons (D:4)
85 creatures vanquished.

Notes
Turn   | Place    | Note
--------------------------------------------------------------
     0 | D:1      | PolkaDot, the Vampire Wizard, began the quest for the Orb.
     0 | D:1      | Reached XP level 1. HP: 11/11 MP: 6/6
   103 | D:1      | Reached skill level 1 in Conjurations
   360 | D:1      | Reached XP level 2. HP: 17/17 MP: 2/8
   827 | D:2      | Reached XP level 3. HP: 20/22 MP: 0/10
  1272 | D:2      | Found a blossoming altar of Fedhas.
  1345 | D:2      | Reached XP level 4. HP: 21/28 MP: 2/12
  1429 | D:2      | Noticed an oklob plant
  1638 | D:2      | Found a sparkling altar of Nemelex Xobeh.
  1689 | D:2      | Reached XP level 5. HP: 16/33 MP: 5/13
  2276 | D:3      | Learned a level 3 spell: Conjure Flame
  2280 | D:3      | Learned a level 3 spell: Mephitic Cloud
  2295 | D:3      | Reached skill level 4 in Conjurations
  2668 | D:4      | Found an iron altar of Okawaru.
  2884 | D:4      | Reached skill level 1 in Long Blades
  3091 | D:4      | Found a sparkling altar of Nemelex Xobeh.
  3095 | D:4      | Found a bloodstained altar of Trog.
  3133 | D:4      | Reached XP level 6. HP: 39/39 MP: 9/15
  3515 | D:4      | Reached skill level 5 in Conjurations
  3670 | D:4      | Found a staircase to the Ecumenical Temple.
  3678 | Temple   | Entered the Ecumenical Temple
  3842 | Temple   | Became a worshipper of Vehumet
  4021 | D:5      | Entered Level 5 of the Dungeon
  4021 | D:5      | Noticed Eustachio
  4034 | D:5      | Killed Eustachio
  4034 | D:5      | Reached XP level 7. HP: 39/44 MP: 14/17
  4044 | D:5      | Noticed Pikel
  4104 | D:5      | Found Yghauv's Gadget Shop.
  4112 | D:5      | Noticed oinker's ghost (experienced MfSk)
  4136 | D:5      | Mangled by oinker's ghost

Action                   |  1- 3 |  4- 6 |  7- 9 || total
-------------------------+-------+-------+-------++-------
Melee: Dagger            |     4 |     5 |       ||     9
       Long sword        |       |    84 |    15 ||    99
 Cast: Magic Dart        |    80 |   125 |       ||   205
       Mephitic Cloud    |       |     3 |     1 ||     4
       Conjure Flame     |       |     1 |     1 ||     2
 Abil: Bottle Blood      |       |     5 |     1 ||     6
Evoke: Wand              |       |     1 |       ||     1
  Use: Potion            |     3 |     4 |     2 ||     9
       Scroll            |       |    17 |       ||    17
 Stab: Sleeping          |     3 |     4 |     2 ||     9
       Confused          |       |     2 |     1 ||     3
